 Dungeon Crawl Stone Soup version 0.29-a0-925-g0a7a3d12f8 (webtiles) character file.

Game seed: 18425897831741756999

23 Asher535 the Conjurer (level 2, -1/20 HPs)
             Began as a Draconian Conjurer on July 29, 2022.
             Slain by a polar bear (3 damage)
             ... created by the rage of Trog
             ... on level 2 of the Dungeon.
             The game lasted 00:06:55 (2477 turns).

Asher535 the Conjurer (Draconian Conjurer)          Turns: 2477, Time: 00:06:56

Health: -1/20      AC:  4    Str:  9    XL:     2   Next: 72%
Magic:  0/5        EV: 12    Int: 18    God:
Gold:   20         SH:  0    Dex:  9    Spells: 3/5 levels left

rFire   . . .      SeeInvis .   h - staff of air
rCold   . . .      Faith    .   (no shield)
rNeg    . . .      Spirit   .   (body armour unavailable)
rPois   .          Reflect  .   (helmet restricted)
rElec   +          Harm     .   (no cloak)
rCorr   .          Rampage  .   (no gloves)
Will    .....                   (no boots)
Stlth   ++........              (no amulet)
HPRegen 0.06/turn               (no ring)
MPRegen 0.09/turn               (no ring)

@: no status effects
A: AC +4, unfitting armour, cold-blooded
a: no special abilities


You were on level 2 of the Dungeon.
You visited 1 branch of the dungeon, and saw 2 of its levels.

You collected 20 gold pieces.

Inventory:

Hand Weapons
 d - a +0 dagger
Magical Staves
 h - a staff of air (weapon)
Scrolls
 c - 2 scrolls of identify {unknown}
Potions
 a - a potion of magic
 b - 5 potions of curing {unknown}
 e - a potion of mutation {unknown}
 f - a potion of might {unknown}
 g - 2 potions of flight {unknown}


   Skills:
 + Level 0.0 Fighting
 + Level 2.2 Dodging
 - Level 2.3 Stealth
 + Level 2.1 Spellcasting
 + Level 4.1 Conjurations
 + Level 0.0 Air Magic


You had 3 spell levels left.
You knew the following spells:

 Your Spells              Type           Power      Damage    Failure   Level
a - Magic Dart            Conj           64%        1d6       3%          1
b - Shock                 Conj/Air       56%        1d6       8%          1

Your spell library contained the following spells:

 Spells                   Type           Power      Damage    Failure   Level
 Searing Ray              Conj           32%        2d5       4%          2
 Dazzling Flash           Conj/Hex       18%        N/A       22%         3
 Swiftness                Air            3%         N/A       45%         3
 Fulminant Prism          Conj/Hex       4%         3d6       58%         4
 Iskenderun's Mystic Bla  Conj/Tloc      9%         2d4       58%         4
 Airstrike                Air            1%         0-2+      86%         4


Dungeon Overview and Level Annotations

Branches:
Dungeon (2/15)

Altars:
Trog


Innate Abilities, Weirdness & Mutations

Your plain brown scales are hard. (AC +4)
You cannot fit into any form of body armour.
You are cold-blooded and may be slowed by cold attacks.


Message History

The giant cockroach attacks as you move away!
The giant cockroach completely misses you.
The giant cockroach closely misses you.
The giant cockroach attacks as you move away!
The giant cockroach bites you but does no damage.
The giant cockroach barely misses you.
The giant cockroach attacks as you move away!
The giant cockroach bites you but does no damage.
The giant cockroach attacks as you move away!
The giant cockroach barely misses you.
Casting: Shock (safe; 8% risk of failure)
Confirm with . or Enter, or press ? or * to list all spells.
Aiming: Shock (safe; 8% risk of failure)
Press: ? - help, Shift-Dir - straight line, f/p - worm
Aim: a worm (lightly wounded, 90% to hit)
You feel a surge of power!
The zap hits the giant cockroach.
You kill the giant cockroach!
The zap hits the worm.
The worm is heavily wounded.
The zap hits the worm.
The worm is severely wounded.
Casting: Shock (safe; 8% risk of failure)
Confirm with . or Enter, or press ? or * to list all spells.
Aiming: Shock (safe; 8% risk of failure)
Press: ? - help, Shift-Dir - straight line, f/p - worm
Aim: a worm (moderately wounded, 90% to hit)
You feel a surge of power!
The zap misses the worm.
You open the door.
There is an open door here.
Trog sends monsters to punish you.
A black bear and 2 polar bears come into view.
The black bear rages.
The black bear rages.
The polar bear bites you!
Ouch! That really hurt!
* * * LOW HITPOINT WARNING * * *
The polar bear claws you.
* * * LOW HITPOINT WARNING * * *
The polar bear claws you.
You die...

#..##.###.
#.........
########.##...#.
#....w..........
#.#########.####
#.#..........#
#.#.#...###..#
#.#.#....##..# ##
#.#.@hhh..#..# .#
#.#.##w#.....#..#
#......##....#..#
#########.......#
.........#..#.
####.###†#..#.
#.....#....
#####..#..#..
#......#..# .


You could see 2 polar bears, a black bear (berserk) and a worm.

Vanquished Creatures
  A dart slug (D:1)
  A bat (D:2)
  An endoplasm (D:1)
  4 giant cockroaches
  A hobgoblin (D:1)
  A quokka (D:1)
  7 ball pythons (D:1)
  2 frilled lizards (D:1)
  A rat (D:1)
  2 toadstools (D:1)
21 creatures vanquished.

Vanquished Creatures (others)
  2 toadstools (D:1)
2 creatures vanquished.

Grand Total: 23 creatures vanquished

Notes
Turn   | Place    | Note
-------+----------+-------------------------------------------
     0 | D:1      | Asher535 the Draconian Conjurer began the quest for the
                  | Orb.
     0 | D:1      | Reached XP level 1. HP: 14/14 MP: 3/3
   292 | D:1      | Found a faded altar of an unknown god.
   312 | D:1      | Prayed at the altar of an unknown god.
   312 | D:1      | Became a worshipper of Trog the Wrathful
   312 | D:1      | Reached * piety under Trog
   383 | D:1      | Was placed under penance by Trog
   384 | D:1      | Reached XP level 2. HP: 20/20 MP: 3/5
  1962 | D:1      | Fell from the grace of Trog
  2366 | D:2      | Learned a level 1 spell: Shock
  2475 | D:2      | Noticed a black bear
  2475 | D:2      | Noticed a polar bear
  2475 | D:2      | Noticed a polar bear
  2477 | D:2      | Slain by a polar bear

Illustrated notes

Levels and vault maps discovered:
D:1:      ldierk_water_garden, layout_loops_ring,
          nicolae_ecumenical_snake_handling, minmay_misc_feat_chi
D:2:      layout_basic, uniq_terence, uniq_robin

Skill      XL: |  1 |
---------------+----+-----
Dodging        | 2 |  2.2
Stealth        | 2 |  2.3
Spellcasting   | |  2.1
Conjurations   | |  4.1

Action                   || total
-------------------------++-------
Melee: Unarmed           ||     7
       Dagger            ||    14
       Staff             ||     7
       Tailslap          ||     2
 Cast: Magic Dart        ||    31
       Shock             ||     8
 Stab: Sleeping          ||     1
Armor: Skin              ||    34
Dodge: Dodged            ||    38

Table legend: (Time is in decaauts)
 A = Elapsed time spent in this place.
 B = Non-inter-level travel time spent in this place.
 C = Inter-level travel time spent in this place.
 D = Time resting spent in this place.
 E = Time spent auto-exploring this place.
 F = Levels seen in this place.
 G = Mean time per level.
                   A        B        C        D        E       F      G
               +--------+--------+--------+--------+--------+-----+--------+
         Total |   2478 |   2478 |      0 |   1421 |    565 |   2 | 1239.0 |
       Dungeon |   2478 |   2478 |      0 |   1421 |    565 |   2 | 1239.0 |
               +--------+--------+--------+--------+--------+-----+--------+

Top non-repeatable levels by time:
     D:1: 2360 daAuts
     D:2: 117 daAuts
